 Dungeon Crawl Stone Soup version 0.14-a0-1721-g84c87b2 (webtiles) character file.

134 Kae the Grave Robber (level 3, -4/21 (26) HPs)
             Began as a Ghoul Necromancer on Jan 2, 2014.
             Killed from afar by Terence (8 damage)
             ... with a wand of magic darts
             ... on Level 2 of the Dungeon.
             The game lasted 00:03:25 (1417 turns).

Kae the Grave Robber (Ghoul Necromancer)            Turns: 1417, Time: 00:03:25

HP  -4/21 (26)   AC  7     Str 11      XL: 3   Next: 95%
MP   0/6         EV 12     Int 11      God:
Gold 78          SH  0     Dex  9      Spells:  3 memorised,  2 levels left

rFire  . . .     SeeInvis .     n - +2,+0 short sword (protect)
rCold  + . .     Clarity  .     a - +0 robe
rNeg   + + +     Conserve .     (no shield)
rPois  +         rCorr    .     (no helmet)
rElec  .         rRot     +     (no cloak)
SustAb . .       Spirit   .     (no gloves)
rMut   .         Warding  .     (no boots)
Saprov + + +     Stasis   .     (no amulet)
                                (no ring)
                                (no ring)

@: rotting, not resistant to hostile enchantments, unstealthy
A: rotting body, claws 1, carnivore 3, cold resistance 1, life protection 3,
poison resistance, saprovore 3, slow healing 1, torment resistance, unbreathing
a: no special abilities


You were on level 2 of the Dungeon.
You were very hungry.

You visited 1 branch of the dungeon, and saw 2 of its levels.

You collected 78 gold pieces.

Inventory:

Hand weapons
 n - a +2,+0 short sword of protection (weapon)
Armour
 a - a +0 robe (worn)
Comestibles
 s - a rotting chunk of worm flesh
Scrolls
 e - 2 scrolls of enchant armour {unknown}
 f - a scroll of teleportation {unknown}
 g - a scroll of remove curse {unknown}
 j - 2 scrolls of curse jewellery {unknown}
 l - a scroll of curse weapon {unknown}
 m - a scroll of fear {unknown}
 o - a scroll of amnesia {unknown}
 q - a scroll of blinking {unknown}
 u - a scroll of fog {unknown}
Jewellery
 k - an uncursed ring of positive energy {unknown}
Potions
 c - a potion of heal wounds {unknown}
 d - 3 potions of curing {unknown}
 h - a potion of paralysis {unknown}
 i - a potion of flight {unknown}
 p - a potion of poison {unknown}
 r - a potion of agility {unknown}
Books
 b - a book of Necromancy

   Spells                             Type                      Level
   *Pain                              Necromancy                   1
   *Animate Skeleton                  Necromancy                   1
   Lethal Infusion                    Charms/Necromancy            2
   *Vampiric Draining                 Necromancy                   3
   Regeneration                       Charms/Necromancy            3
   Animate Dead                       Necromancy                   4
   Control Undead                     Necromancy                   4


   Skills:
 - Level 1.7 Dodging
 - Level 2.1 Stealth
 + Level 2.5 Spellcasting
 * Level 4.9 Necromancy


You had 2 spell levels left.
You knew the following spells:

 Your Spells              Type           Power        Failure   Level  Hunger
a - Pain                  Necr           ##..         3%          1    ##.....
b - Animate Skeleton      Necr           N/A          3%          1    ##.....
c - Vampiric Draining     Necr           ##........   12%         3    ####...


Dungeon Overview and Level Annotations

Branches:
Dungeon (2/16)

Altars:
Trog

Annotations:
D:2 Terence


Innate Abilities, Weirdness & Mutations

Your body is rotting away.
You have sharp fingernails.
You are carnivorous and can eat meat at any time.
Your flesh is cold resistant.
You are immune to negative energy.
Your system is resistant to poisons.
You thrive on rotten meat.
You heal slowly when monsters are visible.
You are immune to unholy pain and torment.
You can survive without breathing.


Message History

Terence is severely wounded.
Terence zaps a wand.
The magic dart hits you!
You are feeling very hungry.
You closely miss Terence.
Terence is severely wounded.
Terence zaps a wand.
The magic dart hits you! Terence barely misses you.
You hit Terence but do no damage.
Terence is severely wounded.
Terence zaps a wand.
The magic dart hits you!
* * * LOW HITPOINT WARNING * * *
Casting: Pain
Confirm with . or Enter, or press ? or * to list all spells.
Aiming: Pain
Press: ? - help, Shift-Dir - straight line, f/p - Terence
Aim: Terence, wielding a hand axe, wearing an orcish chain mail and carrying a wand of magic darts {zapped: 4} (severely wounded) Terence convulses in agony!
Terence hits you but does no damage.
You closely miss Terence.
Terence is severely wounded.
Terence zaps a wand.
The magic dart hits you!
You die...

#.......#.##
#.......+..#
#.......#..########
#..................
#....####....#####.
#..........#.####.#
#>.................
##.................
#@#####...........
#@# #...........
#'# #########...
... #... ... #...
..... #... .....
#... ####### #...
#...


You could see Terence.

Vanquished Creatures
  2 adders (D:2)
  A worm (D:2)
  A giant gecko (D:2)
  6 bats
  4 giant cockroaches
  6 hobgoblins
  2 giant newts
  A goblin (D:1)
  5 kobolds
  A rat (D:2)
29 creatures vanquished.

Notes
Turn   | Place    | Note
--------------------------------------------------------------
     0 | D:1      | Kae, the Ghoul Necromancer, began the quest for the Orb.
     0 | D:1      | Reached XP level 1. HP: 14/14 MP: 2/2
   312 | D:1      | Reached XP level 2. HP: 14/20 MP: 0/4
   860 | D:2      | Reached XP level 3. HP: 22/24 MP: 0/6
   924 | D:2      | Learned a level 1 spell: Animate Skeleton
   928 | D:2      | Learned a level 3 spell: Vampiric Draining
  1142 | D:2      | Found a bloodstained altar of Trog.
  1403 | D:2      | Noticed Terence
  1417 | D:2      | Killed from afar by Terence

Action                   || total
-------------------------++-------
Melee: Unarmed           ||    47
       Short sword       ||    20
 Cast: Pain              ||    55
 Stab: Sleeping          ||     1
